 Dungeon Crawl Stone Soup version 0.28.0-53-g5a82cb258f (webtiles) character file.

Game seed: 8032222632923408297

59 Peloso the Skirmisher (level 3, -1/31 HPs)
             Began as a Palentonga Fighter on June 4, 2022.
             Slain by Sigmund
             ... wielding a +0 scythe of distortion
              (6 damage)
             ... on level 2 of the Dungeon.
             The game lasted 00:02:23 (1749 turns).

Peloso the Skirmisher (Palentonga Fighter)          Turns: 1749, Time: 00:02:24

Health: -1/31      AC:  6    Str: 21    XL:     3   Next: 78%
Magic:  3/3        EV:  7    Int:  8    God:
Gold:   71         SH:  4    Dex:  9    Spells: 2/2 levels left

rFire   . . .      SeeInvis +   a - +0 long sword
rCold   . . .      Faith    .   c - +0 buckler
rNeg    . . .      Spirit   .   b - +0 scale mail
rPois   .          Reflect  .   (no helmet)
rElec   .          Harm     .   (no cloak)
rCorr   .          Rampage  .   (no gloves)
Will    .....                   (no barding)
Stlth   ..........              (no amulet)
HPRegen 0.10/turn               (no ring)
MPRegen 0.08/turn               (no ring)

@: no status effects
A: large, rugged brown scales 3, see invisible, deformed body, roll 1, armoured
tail
a: Rolling Charge


You were on level 2 of the Dungeon.
You visited 1 branch of the dungeon, and saw 2 of its levels.

You collected 71 gold pieces.

Inventory:

Hand Weapons
 a - a +0 long sword (weapon)
Missiles
 i - a throwing net
Armour
 b - a +0 scale mail (worn)
 c - a +0 buckler (worn)
Scrolls
 f - a scroll of identify
 j - a scroll of teleportation
Potions
 d - a potion of might
 e - a potion of heal wounds {unknown}
 g - 2 potions of mutation
 h - a potion of invisibility {unknown}


   Skills:
 + Level 3.2 Fighting
 + Level 3.1 Long Blades
 + Level 2.9 Armour
 + Level 0.3 Dodging
 + Level 2.6 Shields


You had 2 spell levels left.
You didn't know any spells.
Your spell library contained the following spells:

 Spells                   Type           Power      Damage    Failure   Level
 Dispersal                Tloc           0%         N/A       100%        6
 Disjunction              Tloc           0%         N/A       100%        8


Dungeon Overview and Level Annotations

Branches:
Dungeon (2/15)

Altars:
Hepliaklqana

Annotations:
D:2 Sigmund


Innate Abilities, Weirdness & Mutations

You are completely covered in rugged brown scales. (AC +3, +7% HP)
You have supernaturally acute eyesight. (SInv)
Armour fits poorly on your strangely shaped body.
You can roll at nearby foes to attack.
You have a long armoured tail.


Message History

You see here a rat corpse.
A hobgoblin comes into view.
A hobgoblin is nearby!
A hobgoblin is nearby!
You hit the hobgoblin but do no damage. The hobgoblin barely misses you.
You slash the hobgoblin!
You kill the hobgoblin!
You see here a hobgoblin corpse.
Sigmund the Dreaded comes into view.
He is wielding a +0 scythe of distortion and wearing a +1 robe of willpower.
Sigmund shouts!
Sigmund says, "You will soon forget everything."
You see here a hobgoblin corpse.
Sigmund casts a spell at you. You resist with significant effort.
Sigmund points at you and mumbles some strange words.
You are confused.
You're too confused to move!
You bump into the rock wall.
Sigmund breathes a few words.
Sigmund's hands start flickering wildly.
You feel less confused. Sigmund barely misses you.
You see here a +0 dagger.
There is a stone staircase leading up here.
Sigmund gestures at you while chanting.
You are confused.
You bump into the rock wall.
You bump into the rock wall.
Sigmund hits you from afar with a +0 scythe of distortion.
Space warps around you.
You feel less confused.
Sigmund gestures wildly while chanting.
Sigmund flickers and vanishes for a moment.
Sigmund gestures at you while chanting. The puff of flame hits you!
There is a stone staircase leading down here.
Sigmund hits you from afar with a +0 scythe of distortion.
* * * LOW HITPOINT WARNING * * *
Space warps around you.
You die...

#.# #.#..## # #.#
#.#...### # #.# #.##...#.
#####.###.#######.##.#..#
#...............#.##.#..#
#.###.##...####.#.##.....
#.....@<)...#....)...
####...####......#..#
#.@.## #.####.#... #.###
#@# #.#..# #. #.# #.#..#
#. #.# #.#... #. #.#
#.##.# #. #.# #..... #.
#.# ####.# #. #.# #. #.#


You could see Sigmund (invisible).

Vanquished Creatures
  An adder (D:2)
  2 worms (D:2)
  4 ball pythons (D:1)
  3 endoplasms
  A giant cockroach (D:2)
  2 goblins
  4 hobgoblins (D:2)
  4 jackals
  3 quokkas
  5 bats
  2 frilled lizards (D:2)
  5 kobolds
  3 rats
39 creatures vanquished.

Notes
Turn   | Place    | Note
-------+----------+-------------------------------------------
     0 | D:1      | Peloso the Palentonga Fighter began the quest for the Orb.
     0 | D:1      | Reached XP level 1. HP: 19/19 MP: 1/1
   335 | D:1      | Reached XP level 2. HP: 25/25 MP: 2/2
  1091 | D:2      | Reached XP level 3. HP: 26/31 MP: 3/3
  1650 | D:2      | Found a hazy altar of Hepliaklqana.
  1714 | D:2      | Noticed Sigmund
  1749 | D:2      | Slain by Sigmund

Illustrated notes

Levels and vault maps discovered:
D:1:      onia_arrival_mini_spirals, layout_loops_ring
D:2:      layout_loops_ring, basic_altar, uniq_terence, uniq_sigmund,
          uniq_crazy_yiuf_cottage

Skill      XL: |  1  2  3 |
---------------+----------+-----
Long Blades    | 3 |  3.1
Fighting       | |  3.2
Armour         | |  2.9
Dodging        | |  0.3
Shields        | |  2.6

Action                   || total
-------------------------++-------
Melee: Long sword        ||   112
       Tailslap          ||    11
  Use: Scroll            ||     3
       Potion            ||     1
Armor: Scale mail        ||    68
Dodge: Dodged            ||    56
Block: Buckler           ||    25
